| TOP OF THE 1ST |
|
Roswell Invaders batting - Pitching for Madison Brewers : RHP Jim Strickland
|
|
Pitching: RHP Jim Strickland
|
|
|
Batting: RHB Orlando Florez
|
0-0: Ball 1-0: Ball 2-0: Called Strike 2-1: Called Strike 2-2: Ball 3-2: Fly out, F7 (Flyball, 78S, EV 86.3 MPH)
|
|
Batting: SHB Ethan Newby
|
0-0: Foul Ball, location: 2F 0-1: Ground out 6-3 (Groundball, 6S, EV 78.8 MPH)
|
|
Batting: LHB Dallas Kelly
|
0-0: Ball 1-0: Swinging Strike 1-1: Ball 2-1: Ball 3-1: Foul Ball, location: 2F 3-2: Strikes out swinging
|
| Top of the 1st over - 0 runs, 0 hits, 0 errors, 0 left on base; Roswell 0 - Madison 0 |
| BOTTOM OF THE 1ST |
|
Madison Brewers batting - Pitching for Roswell Invaders : RHP John Palumbo
|
|
Pitching: RHP John Palumbo
|
|
|
Batting: RHB Hector Silva
|
0-0: Ball 1-0: Fly out, F9 (Flyball, 89D, EV 100.6 MPH)
|
|
Batting: LHB Steven Donovan
|
0-0: Ground out 6-3 (Groundball, 6M, EV 105.0 MPH)
|
|
Batting: SHB Aaron Neill
|
0-0: Foul Ball, location: 2F 0-1: Ball 1-1: Foul Ball, location: 2F 1-2: SINGLE (Groundball, 56D, EV 98.1 MPH)
|
|
Batting: SHB Jerry Duffy
|
0-0: Called Strike Aaron Neill steals 2nd, throwing error, E2 Aaron Neill to third 0-1: Called Strike 0-2: DOUBLE (Flyball, 78XD, EV 105.0 MPH) Aaron Neill scores
|
|
Batting: SHB Ramon Perez
|
0-0: Ball 1-0: Ball 2-0: Foul Ball, location: 2F 2-1: Foul Ball, location: 2F 2-2: Fly out, F7 (Flyball, 7, EV 83.8 MPH)
|
| Bottom of the 1st over - 1 run, 2 hits, 1 error, 1 left on base; Roswell 0 - Madison 1 |
| TOP OF THE 2ND |
|
Roswell Invaders batting - Pitching for Madison Brewers : RHP Jim Strickland
|
|
Batting: RHB Mike Swift
|
0-0: Called Strike 0-1: Ball 1-1: Foul Ball, location: 2F 1-2: SINGLE (Groundball, 4MD, EV 106.3 MPH)
|
|
Batting: RHB Josh Burrows
|
0-0: Ball 1-0: Foul Ball, location: 2F 1-1: Foul Ball, location: 2F 1-2: Foul Ball, location: 2F 1-2: Foul Ball, location: 2F 1-2: Strikes out swinging
|
|
Batting: LHB Josh Thomas
|
0-0: Foul Ball, location: 2F 0-1: Swinging Strike 0-2: Ball 1-2: Strikes out swinging
|
|
Batting: RHB Cody Savastand
|
0-0: Ball 1-0: Called Strike 1-1: Called Strike 1-2: Ground out 6-3 (Groundball, 6S, EV 80.6 MPH)
|
| Top of the 2nd over - 0 runs, 1 hit, 0 errors, 1 left on base; Roswell 0 - Madison 1 |
| BOTTOM OF THE 2ND |
|
Madison Brewers batting - Pitching for Roswell Invaders : RHP John Palumbo
|
|
Batting: RHB Chris Riddel
|
0-0: Foul Ball, location: 2F 0-1: Swinging Strike 0-2: Ball 1-2: Ball 2-2: Foul Ball, location: 2F 2-2: SINGLE (Groundball, 6MD, EV 98.8 MPH)
|
|
Pitching: RHP Jake Priest
|
|
|
Batting: RHB Drew Forbess
|
0-0: Ball 1-0: Ball 2-0: Ball 3-0: Foul Ball, location: 2F 3-1: Base on Balls Chris Riddel to second
|
|
Batting: RHB Herb McIntyre
|
0-0: Ball 1-0: Swinging Strike 1-1: Swinging Strike 1-2: 3-RUN HOME RUN (Flyball, 7LD, EV 92.5 MPH), Distance : 334 ft
|
|
Batting: RHB Justin Marino
|
0-0: Ball 1-0: Ball 2-0: Ball 3-0: Called Strike 3-1: Base on Balls
|
|
Batting: RHB Hector Silva
|
0-0: Ball 1-0: Ball 2-0: Called Strike 2-1: Ball 3-1: Base on Balls Justin Marino to second
|
|
Pitching: RHP Vinny Segura
|
|
|
Batting: LHB Steven Donovan
|
0-0: Called Strike 0-1: Fielders Choice at 2nd, 3-6 (Groundball, 13, EV 86.9 MPH) Justin Marino to third
|
|
Batting: SHB Aaron Neill
|
0-0: Ball 1-0: Called Strike 1-1: Ball 2-1: Ball 3-1: Called Strike 3-2: Foul Ball, location: 2F 3-2: Base on Balls Steven Donovan to second
|
|
Batting: SHB Jerry Duffy
|
0-0: Ball 1-0: Ball 2-0: Called Strike 2-1: Ball 3-1: Base on Balls Justin Marino scores Steven Donovan to third Aaron Neill to second
|
|
Batting: SHB Ramon Perez
|
0-0: Called Strike 0-1: Ball 1-1: SINGLE (Groundball, 4MD, EV 103.8 MPH) Steven Donovan scores Aaron Neill to third Jerry Duffy to second Throwing error, E8 Aaron Neill scores Jerry Duffy to third Ramon Perez to second
|
|
Batting: RHB Chris Riddel
|
0-0: Ball 1-0: Fly out, F8 (Flyball, 78XD, EV 84.4 MPH) Runner from 3rd tags up, SCORES, no throw by CF
|
|
Pitching: RHP Jeff Whaley
|
|
|
Batting: RHB Drew Forbess
|
0-0: Ball 1-0: Fly out, F9 (Flyball, 9, EV 88.8 MPH)
|
| Bottom of the 2nd over - 7 runs, 3 hits, 1 error, 1 left on base; Roswell 0 - Madison 8 |
| TOP OF THE 3RD |
|
Roswell Invaders batting - Pitching for Madison Brewers : RHP Jim Strickland
|
|
Batting: LHB Afanasy Apatenko
|
0-0: Ball 1-0: Called Strike 1-1: Ground out 4-3 (Groundball, 4, EV 81.9 MPH)
|
|
Batting: LHB Falco van Koeveringe
|
0-0: Ball 1-0: Ground out U3 (Groundball, 13, EV 78.1 MPH)
|
|
Batting: RHB Orlando Florez
|
0-0: Ball 1-0: Ball 2-0: Ball 3-0: Called Strike 3-1: Fly out, F4 (Popup, 34S, EV 90.0 MPH)
|
| Top of the 3rd over - 0 runs, 0 hits, 0 errors, 0 left on base; Roswell 0 - Madison 8 |
| BOTTOM OF THE 3RD |
|
Madison Brewers batting - Pitching for Roswell Invaders : RHP Jeff Whaley
|
|
Batting: RHB Herb McIntyre
|
0-0: Swinging Strike 0-1: Called Strike 0-2: Ball 1-2: Ball 2-2: Strikes out looking
|
|
Batting: RHB Justin Marino
|
0-0: Foul Ball, location: 2F 0-1: Ball 1-1: Ball 2-1: Foul Ball, location: 2F 2-2: Foul Ball, location: 2F 2-2: Foul Ball, location: 2F 2-2: Strikes out swinging
|
|
Batting: RHB Hector Silva
|
0-0: Called Strike 0-1: Ball 1-1: Ball 2-1: Ball 3-1: Called Strike 3-2: Foul Ball, location: 2F 3-2: Base on Balls
|
|
Pitching: LHP Jeff Haight
|
|
|
Batting: LHB Steven Donovan
|
0-0: Called Strike 0-1: Called Strike 0-2: Ball 1-2: Foul Ball, location: 2F 1-2: Foul Ball, location: 2F 1-2: Foul Ball, location: 2F 1-2: Ball 2-2: Foul Ball, location: 2F 2-2: Foul Ball, location: 2F 2-2: SINGLE (Groundball, 6MD, EV 105.0 MPH) Hector Silva to second
|
|
Batting: SHB Aaron Neill
|
0-0: Called Strike 0-1: Foul Ball, location: 2F 0-2: Foul Ball, location: 2F 0-2: Ball 1-2: SINGLE (Line Drive, 89S, EV 103.8 MPH) Hector Silva to third Steven Donovan to second
|
|
Batting: SHB Jerry Duffy
|
0-0: Ball 1-0: Called Strike 1-1: GRAND SLAM HOME RUN (Flyball, 7LD, EV 95.6 MPH), Distance : 346 ft
|
|
Pitching: RHP Jaylen Hatten
|
|
|
Batting: SHB Ramon Perez
|
0-0: Ball 1-0: Ball 2-0: Foul Ball, location: 2F 2-1: Called Strike 2-2: Ball 3-2: Foul Ball, location: 2F 3-2: Strikes out swinging
|
| Bottom of the 3rd over - 4 runs, 3 hits, 0 errors, 0 left on base; Roswell 0 - Madison 12 |
| TOP OF THE 4TH |
|
Roswell Invaders batting - Pitching for Madison Brewers : RHP Jim Strickland
|
|
Batting: SHB Ethan Newby
|
0-0: Swinging Strike 0-1: Foul Ball, location: 2F 0-2: Ball 1-2: Foul Ball, location: 2F 1-2: Ball 2-2: Ground out U3 (Groundball, 3, EV 101.9 MPH)
|
|
Batting: LHB Dallas Kelly
|
0-0: Swinging Strike 0-1: Foul Ball, location: 2F 0-2: Ball 1-2: SINGLE (Groundball, 4M, EV 103.1 MPH)
|
|
Batting: RHB Mike Swift
|
0-0: Called Strike 0-1: Ball 1-1: Ball 2-1: Ball 3-1: Swinging Strike 3-2: Strikes out swinging
|
|
Batting: RHB Josh Burrows
|
0-0: Called Strike 0-1: Ground out U3 (Groundball, 34S, EV 65.6 MPH)
|
| Top of the 4th over - 0 runs, 1 hit, 0 errors, 1 left on base; Roswell 0 - Madison 12 |
| BOTTOM OF THE 4TH |
|
Madison Brewers batting - Pitching for Roswell Invaders : RHP Jaylen Hatten
|
|
Batting: RHB Chris Riddel
|
0-0: Called Strike 0-1: Ball 1-1: Called Strike 1-2: Ball 2-2: Fly out, F4 (Popup, 4MD, EV 57.5 MPH)
|
|
Batting: RHB Drew Forbess
|
0-0: Ball 1-0: Called Strike 1-1: Ball 2-1: Ball 3-1: Called Strike 3-2: Foul Ball, location: 2F 3-2: Base on Balls
|
|
Pitching: LHP Travis Osorio
|
|
|
Batting: RHB Herb McIntyre
|
0-0: Called Strike 0-1: Grounds into double play, 6-4-3 (Groundball, 6, EV 88.8 MPH)
|
| Bottom of the 4th over - 0 runs, 0 hits, 0 errors, 0 left on base; Roswell 0 - Madison 12 |
| TOP OF THE 5TH |
|
Roswell Invaders batting - Pitching for Madison Brewers : RHP Jim Strickland
|
|
Batting: LHB Josh Thomas
|
0-0: Ball 1-0: Called Strike 1-1: Foul Ball, location: 2F 1-2: Foul Ball, location: 2F 1-2: Ball 2-2: Strikes out looking
|
|
Batting: RHB Cody Savastand
|
0-0: Ground out 6-3 (Groundball, 6, EV 100.0 MPH)
|
|
Batting: LHB Afanasy Apatenko
|
0-0: Called Strike 0-1: Foul Ball, location: 2F 0-2: Strikes out looking
|
| Top of the 5th over - 0 runs, 0 hits, 0 errors, 0 left on base; Roswell 0 - Madison 12 |
| BOTTOM OF THE 5TH |
|
Madison Brewers batting - Pitching for Roswell Invaders : LHP Travis Osorio
|
|
Batting: RHB Justin Marino
|
0-0: Ball 1-0: Foul Ball, location: 2F 1-1: Swinging Strike 1-2: Foul Ball, location: 2F 1-2: Ball 2-2: Strikes out swinging
|
|
Batting: RHB Hector Silva
|
0-0: Called Strike 0-1: Ball 1-1: Ball 2-1: SINGLE (Groundball, 4M, EV 102.5 MPH) (infield hit)
|
|
Batting: LHB Steven Donovan
|
0-0: Called Strike 0-1: Foul Ball, location: 2F 0-2: Ball 1-2: Ball 2-2: Ball 3-2: Foul Ball, location: 2F 3-2: Grounds into double play, 4-6-3 (Groundball, 4M, EV 103.1 MPH)
|
| Bottom of the 5th over - 0 runs, 1 hit, 0 errors, 0 left on base; Roswell 0 - Madison 12 |
| TOP OF THE 6TH |
|
Roswell Invaders batting - Pitching for Madison Brewers : RHP Jim Strickland
|
|
Batting: LHB Falco van Koeveringe
|
0-0: Called Strike 0-1: Called Strike 0-2: Ball 1-2: Ball 2-2: Strikes out looking
|
|
Batting: RHB Orlando Florez
|
0-0: Called Strike 0-1: Swinging Strike 0-2: Ground out U3 (Groundball, 34, EV 106.9 MPH)
|
|
Batting: SHB Ethan Newby
|
0-0: SINGLE (Groundball, 4MD, EV 107.5 MPH)
|
|
Batting: LHB Dallas Kelly
|
0-0: Ball 1-0: Ball 2-0: Foul Ball, location: 2F 2-1: Ball 3-1: Base on Balls Ethan Newby to second
|
|
Batting: RHB Mike Swift
|
0-0: Foul Ball, location: 2F 0-1: Ball 1-1: Ground out 4-3 (Groundball, 4, EV 84.4 MPH)
|
| Top of the 6th over - 0 runs, 1 hit, 0 errors, 2 left on base; Roswell 0 - Madison 12 |
| BOTTOM OF THE 6TH |
|
Madison Brewers batting - Pitching for Roswell Invaders : LHP Travis Osorio
|
|
Batting: SHB Aaron Neill
|
0-0: Ball 1-0: Reached on error, E5 (Groundball, 56, EV 86.3 MPH)
|
|
Batting: SHB Jerry Duffy
|
0-0: Called Strike 0-1: Ball 1-1: Ball 2-1: Ball 3-1: 2-RUN HOME RUN (Flyball, 9D, EV 106.9 MPH), Distance : 397 ft
|
|
Pitching: LHP Henry Torres
|
|
|
Batting: SHB Ramon Perez
|
0-0: Foul Ball, location: 2F 0-1: Ball 1-1: Foul Ball, location: 2F 1-2: Ball 2-2: Ground out 6-3 (Groundball, 6, EV 109.4 MPH)
|
|
Batting: RHB Chris Riddel
|
0-0: Ball 1-0: Called Strike 1-1: SINGLE (Flyball, 34D, EV 86.9 MPH)
|
|
Batting: RHB Drew Forbess
|
0-0: DOUBLE (Line Drive, 9D, EV 93.1 MPH) Chris Riddel to third
|
|
Batting: RHB Herb McIntyre
|
0-0: Ball 1-0: Ball 2-0: Ball 3-0: Base on Balls
|
|
Batting: RHB Justin Marino
|
0-0: Called Strike 0-1: Swinging Strike 0-2: Foul Ball, location: 2F 0-2: Fielders Choice at 2nd, 3-6 (Groundball, 34, EV 104.4 MPH) Chris Riddel scores Drew Forbess to third
|
|
Batting: RHB Hector Silva
|
0-0: Ball 1-0: Ball 2-0: Called Strike 2-1: Fly out, F8 (Flyball, 8LM, EV 78.1 MPH)
|
| Bottom of the 6th over - 3 runs, 3 hits, 1 error, 2 left on base; Roswell 0 - Madison 15 |
| TOP OF THE 7TH |
|
Roswell Invaders batting - Pitching for Madison Brewers : RHP Jim Strickland
|
|
Batting: RHB Josh Burrows
|
0-0: Foul Ball, location: 2F 0-1: Foul Ball, location: 2F 0-2: Foul Ball, location: 2F 0-2: Ball 1-2: Ball 2-2: Ball 3-2: Strikes out swinging
|
|
Batting: LHB Josh Thomas
|
0-0: Swinging Strike 0-1: Called Strike 0-2: Ball 1-2: Strikes out swinging
|
|
Batting: RHB Cody Savastand
|
0-0: Fly out, F8 (Line Drive, 8LD, EV 106.3 MPH)
|
| Top of the 7th over - 0 runs, 0 hits, 0 errors, 0 left on base; Roswell 0 - Madison 15 |
| BOTTOM OF THE 7TH |
|
Madison Brewers batting - Pitching for Roswell Invaders : LHP Henry Torres
|
|
Batting: LHB Steven Donovan
|
0-0: Ball 1-0: SINGLE (Line Drive, 6D, EV 103.1 MPH)
|
|
Batting: SHB Aaron Neill
|
0-0: Ball 1-0: Fly out, F3 (Flyball, 34D, EV 75.0 MPH)
|
|
Batting: SHB Jerry Duffy
|
0-0: Foul Ball, location: 2F 0-1: Ball 1-1: Ball 2-1: Foul Ball, location: 2F 2-2: Foul Ball, location: 2F 2-2: Ball 3-2: Base on Balls Steven Donovan to second
|
|
Pinch Hitting: RHB Nick Moore
|
0-0: Ball 1-0: Grounds into double play, 4-6-3 (Groundball, 4M, EV 86.9 MPH)
|
| Bottom of the 7th over - 0 runs, 1 hit, 0 errors, 1 left on base; Roswell 0 - Madison 15 |
| TOP OF THE 8TH |
|
Roswell Invaders batting - Pitching for Madison Brewers : RHP Jim Strickland
|
|
Pitching: LHP Tony Salazar
|
|
|
Now at 1B: Nick Moore
|
|
|
Now at 3B: Drew Forbess
|
|
|
Now in CF: Alfredo Sena
|
|
|
Now in RF: Cameron Rattenbury
|
|
|
Batting: LHB Afanasy Apatenko
|
0-0: Ball 1-0: Foul Ball, location: 2F 1-1: Foul Ball, location: 2F 1-2: Strikes out swinging
|
|
Batting: LHB Falco van Koeveringe
|
0-0: Swinging Strike 0-1: Called Strike 0-2: Fly out, F8 (Flyball, 78D, EV 101.3 MPH)
|
|
Batting: RHB Orlando Florez
|
0-0: Ball 1-0: Called Strike 1-1: Foul Ball, location: 2F 1-2: Ball 2-2: Ground out U3 (Groundball, 34, EV 102.5 MPH)
|
| Top of the 8th over - 0 runs, 0 hits, 0 errors, 0 left on base; Roswell 0 - Madison 15 |
| BOTTOM OF THE 8TH |
|
Madison Brewers batting - Pitching for Roswell Invaders : LHP Henry Torres
|
|
Batting: RHB Chris Riddel
|
0-0: Called Strike 0-1: Ball 1-1: Ball 2-1: Ball 3-1: Foul Ball, location: 2F 3-2: Foul Ball, location: 2F 3-2: SINGLE (Line Drive, 89M, EV 101.9 MPH)
|
|
Pinch Hitting: SHB Orlando Torres
|
0-0: Called Strike 0-1: Ball 1-1: Called Strike 1-2: Ball 2-2: Foul Ball, location: 2F 2-2: Ball 3-2: Strikes out swinging
|
|
Pinch Hitting: SHB Sam Bingham
|
0-0: Ball 1-0: Fielders Choice at 2nd, 6-4 (Groundball, 6M, EV 85.6 MPH)
|
|
Batting: RHB Justin Marino
|
0-0: Called Strike 0-1: SINGLE (Groundball, 4MD, EV 101.3 MPH) Sam Bingham to second
|
|
Pinch Hitting: RHB Michael Dickerson
|
0-0: Ball 1-0: Ball 2-0: Ball 3-0: Base on Balls Sam Bingham to third Justin Marino to second
|
|
Batting: LHB Steven Donovan
|
0-0: Ball 1-0: Called Strike 1-1: Foul Ball, location: 2F 1-2: Strikes out swinging
|
| Bottom of the 8th over - 0 runs, 2 hits, 0 errors, 3 left on base; Roswell 0 - Madison 15 |
| TOP OF THE 9TH |
|
Roswell Invaders batting - Pitching for Madison Brewers : LHP Tony Salazar
|
|
Now at 2B: Sam Bingham
|
|
|
Now at 3B: Orlando Torres
|
|
|
Now in LF: Danny Bautista
|
|
|
Batting: SHB Ethan Newby
|
0-0: Ball 1-0: Ball 2-0: Ball 3-0: Called Strike 3-1: Base on Balls
|
|
Batting: LHB Dallas Kelly
|
0-0: Foul Ball, location: 2F 0-1: Swinging Strike 0-2: Ball 1-2: Strikes out swinging
|
|
Batting: RHB Mike Swift
|
0-0: Called Strike 0-1: Swinging Strike 0-2: Hit by Pitch Ethan Newby to second
|
|
Batting: RHB Josh Burrows
|
0-0: Swinging Strike 0-1: Foul Ball, location: 2F 0-2: Foul Ball, location: 2F 0-2: Ball 1-2: Strikes out swinging
|
|
Batting: LHB Josh Thomas
|
0-0: Foul Ball, location: 2F 0-1: Foul Ball, location: 2F 0-2: SINGLE (Line Drive, 4MD, EV 108.8 MPH) Ethan Newby to third Mike Swift to second
|
|
Batting: RHB Cody Savastand
|
0-0: Foul Ball, location: 2F 0-1: Ball 1-1: Ball 2-1: SINGLE (Groundball, 34D, EV 110.0 MPH) Ethan Newby scores Mike Swift to third Josh Thomas to second
|
|
Batting: LHB Afanasy Apatenko
|
0-0: Fielders Choice at 2nd, U6 (Groundball, 6M, EV 85.0 MPH)
|
| Top of the 9th over - 1 run, 2 hits, 0 errors, 3 left on base; Roswell 1 - Madison 15 |
|